General information
- name: BNet
- type: Ladder team game (AT/RT)
- host: Battle.net
- saver: bannedfromwc3
map: GolemsInTheMist
- players: 8
- length: 15:02
- speed: Fast
- version: 1.26 W3XP
- replay type: Public
» download(80 KB)
Players
team 1 (loser)
juntakk (
green | 38 APM | 553 actions | 14:36)
3 Mountain King
2 Storm Bolt
1 Bash
1 Priestess of the Moon
1 Searing Arrows
» actions
| Basic commands | 3 | |
| Build / train | 54 | |
| ESC pressed | 1 | |
| Enter build submenu | 23 | |
| Enter hero's abilities submenu | 4 | |
| Give item / drop item | 2 | |
| Remove unit from queue | 1 | |
| Right click | 210 | |
| Select / deselect | 214 | |
| Use ability | 40 | |
553 total
» units
| Peasant | 7 | |
| Footman | 8 | |
| Gryphon Rider | 10 | |
25 total
» upgrades
| Masonry | 1 | |
| Defend | 1 | |
| Armor | 2 | |
| Swords | 2 | |
| Storm Hammers | 1 | |
7 total
» buildings
| Altar of Kings | 1 | |
| Barracks | 1 | |
| Farm | 9 | |
| Scout Tower | 4 | |
| Lumber Mill | 1 | |
| Arcane Tower | 3 | |
| Arcane Vault | 2 | |
| Guard Tower | 4 | |
| Keep | 1 | |
| Blacksmith | 1 | |
| Castle | 2 | |
| Gryphon Aviary | 3 | |
32 total
» build order
00:18 Altar of Kings
00:21 Barracks
00:27 Farm
01:03 Farm
01:41 Scout Tower
01:52 Lumber Mill
01:59 Scout Tower
02:19 Arcane Tower
02:20 Arcane Tower
02:23 Farm
02:51 Arcane Tower
02:57 Arcane Vault
03:01 Arcane Vault
03:07 Scout Tower
03:30 Scout Tower
03:38 Guard Tower
03:39 Guard Tower
04:26 Guard Tower
04:26 Guard Tower
05:11 Keep
05:17 Farm
05:20 Farm
05:42 Blacksmith
07:34 Castle
07:34 Castle
07:41 Gryphon Aviary
07:56 Gryphon Aviary
08:03 Farm
08:05 Farm
08:08 Farm
08:20 Gryphon Aviary
09:40 Farm
» items
| Scroll of Regeneration | 2 | |
| Lesser Clarity Potion | 1 | |
3 total
risingmoon28 (
orange | 24 APM | 321 actions | 13:18)
2 Demon Hunter
1 Immolation
1 Evasion
1 Priestess of the Moon
1 Trueshot Aura
» actions
| Build / train | 40 | |
| Enter build submenu | 10 | |
| Enter hero's abilities submenu | 3 | |
| Right click | 136 | |
| Select / deselect | 114 | |
| Use ability | 18 | |
321 total
» units
» upgrades
| Strength of the Moon | 2 | |
| Moon Armor | 1 | |
3 total
» buildings
| Altar of Elders | 1 | |
| Moon Well | 5 | |
| Ancient of War | 2 | |
| Hunter's Hall | 1 | |
| Tree of Ages | 1 | |
10 total
» build order
00:32 Altar of Elders
00:40 Moon Well
00:52 Ancient of War
01:43 Moon Well
02:25 Hunter's Hall
02:44 Moon Well
02:49 Ancient of War
04:18 Moon Well
05:20 Moon Well
06:50 Tree of Ages
» items
| Scroll of Town Portal | 1 | |
| Orb of Fire | 1 | |
| Potion of Healing | 1 | |
3 total
Raah (
teal | 39 APM | 528 actions | 13:40)
2 Blood Mage
1 Flame Strike
1 Banish
» actions
| Assign group hotkey | 3 | |
| Basic commands | 14 | |
| Build / train | 38 | |
| Enter build submenu | 12 | |
| Enter hero's abilities submenu | 2 | |
| Right click | 298 | |
| Select / deselect | 121 | |
| Select group hotkey | 13 | |
| Use ability | 27 | |
528 total
» units
| Peasant | 14 | |
| Footman | 5 | |
| Mortar Team | 5 | |
| Knight | 4 | |
| Goblin Shredder | 1 | |
29 total
» upgrades
| Gunpowder | 1 | |
| Fragmentation Shards | 1 | |
2 total
» buildings
| Altar of Kings | 1 | |
| Farm | 6 | |
| Barracks | 1 | |
| Keep | 1 | |
| Blacksmith | 1 | |
| Workshop | 2 | |
| Castle | 1 | |
| Arcane Vault | 1 | |
| Lumber Mill | 1 | |
| Town Hall | 1 | |
16 total
» build order
01:57 Altar of Kings
02:00 Farm
02:01 Farm
02:07 Barracks
02:16 Keep
03:29 Blacksmith
04:51 Workshop
05:40 Castle
06:05 Farm
06:06 Farm
06:56 Farm
06:56 Farm
07:23 Arcane Vault
07:49 Lumber Mill
09:46 Workshop
11:43 Town Hall
» items

»
WhistlePig (
pink | 31 APM | 460 actions | 15:00)
3 Far Seer
2 Feral Spirit
1 Chain Lighting
2 Shadow Hunter
1 Serpent Ward
1 Healing Wave
» actions
| Basic commands | 8 | |
| Build / train | 43 | |
| Enter build submenu | 17 | |
| Enter hero's abilities submenu | 5 | |
| Right click | 178 | |
| Select / deselect | 165 | |
| Use ability | 44 | |
460 total
» units
| Peon | 12 | |
| Troll Headhunter/Berserker | 12 | |
| Goblin Zeppelin | 2 | |
26 total
» upgrades
| Spiked Barricades | 2 | |
| Armor | 2 | |
| Ranged Weapons | 2 | |
| Troll Regeneration | 1 | |
| Berserker Upgrade | 1 | |
8 total
» buildings
| Orc Burrow | 8 | |
| Altar of Storms | 1 | |
| War Mill | 1 | |
| Barracks | 1 | |
| Stronghold | 1 | |
| Fortress | 1 | |
| Great Hall | 1 | |
| Watch Tower | 3 | |
| Voodoo Lounge | 1 | |
18 total
» build order
00:08 Orc Burrow
00:14 Altar of Storms
01:17 War Mill
01:31 Orc Burrow
01:52 Barracks
03:12 Orc Burrow
03:28 Stronghold
03:41 Orc Burrow
04:18 Orc Burrow
06:39 Orc Burrow
10:13 Fortress
10:21 Great Hall
11:11 Orc Burrow
11:58 Orc Burrow
13:00 Watch Tower
13:04 Watch Tower
13:32 Voodoo Lounge
14:29 Watch Tower
team 2 (winner)

»
bannedfromwc3 (
purple | 74 APM | 1107 actions | 15:02)
6 Blood Mage
3 Flame Strike
2 Siphon Mana
1 Summon Phoenix
» actions
| Assign group hotkey | 60 | |
| Basic commands | 47 | |
| Build / train | 66 | |
| ESC pressed | 1 | |
| Enter build submenu | 22 | |
| Enter hero's abilities submenu | 6 | |
| Remove unit from queue | 4 | |
| Right click | 409 | |
| Select / deselect | 173 | |
| Select group hotkey | 276 | |
| Use ability | 43 | |
1107 total
» units
| Peasant | 16 | |
| Goblin Shredder | 1 | |
| Mortar Team | 1 | |
| Flying Machine | 17 | |
35 total
» upgrades
| Gunpowder | 3 | |
| Armor | 1 | |
| Flare | 1 | |
| Fragmentation Shards | 1 | |
| Flak Cannons | 1 | |
7 total
» buildings
| Altar of Kings | 1 | |
| Farm | 10 | |
| Lumber Mill | 1 | |
| Scout Tower | 1 | |
| Arcane Tower | 1 | |
| Town Hall | 2 | |
| Keep | 1 | |
| Blacksmith | 1 | |
| Workshop | 3 | |
| Castle | 2 | |
| Arcane Vault | 1 | |
24 total
» build order
00:10 Altar of Kings
00:12 Farm
00:53 Farm
01:34 Lumber Mill
01:39 Scout Tower
02:07 Arcane Tower
03:30 Town Hall
03:47 Keep
05:09 Blacksmith
06:32 Farm
06:35 Workshop
06:36 Workshop
06:37 Workshop
06:50 Farm
06:51 Farm
06:52 Farm
06:53 Farm
06:54 Farm
07:36 Castle
07:36 Castle
09:59 Arcane Vault
10:28 Farm
12:48 Town Hall
13:24 Farm
» items
| Scroll of Town Portal | 1 | |
| Scroll of Regeneration | 1 | |
2 total

»
newnamenewnew (
red | 55 APM | 829 actions | 15:01)
6 Demon Hunter
3 Mana Burn
2 Evasion
1 Metamorphosis
» actions
| Assign group hotkey | 27 | |
| Basic commands | 21 | |
| Build / train | 51 | |
| ESC pressed | 2 | |
| Enter build submenu | 18 | |
| Enter hero's abilities submenu | 6 | |
| Remove unit from queue | 8 | |
| Right click | 280 | |
| Select / deselect | 180 | |
| Select group hotkey | 201 | |
| Use ability | 35 | |
829 total
» units
» upgrades
| Ultravision | 1 | |
| Strength of the Moon | 1 | |
| Moon Armor | 2 | |
4 total
» buildings
| Altar of Elders | 1 | |
| Moon Well | 7 | |
| Ancient of Wonders | 1 | |
| Hunter's Hall | 1 | |
| Ancient of War | 3 | |
| Ancient Protector | 1 | |
| Tree of Ages | 1 | |
15 total
» build order
00:12 Altar of Elders
00:19 Moon Well
01:55 Moon Well
02:09 Ancient of Wonders
02:37 Hunter's Hall
02:51 Ancient of War
02:54 Ancient of War
02:57 Ancient of War
03:18 Moon Well
03:48 Ancient Protector
04:30 Moon Well
06:35 Moon Well
06:39 Moon Well
06:45 Moon Well
10:43 Tree of Ages
» items
| Moonstone | 1 | |
| Scroll of Regeneration | 1 | |
2 total

»
sexshopboys (
yellow | 5 APM | 72 actions | 15:01)
» actions
| Build / train | 10 | |
| Enter build submenu | 7 | |
| Remove unit from queue | 2 | |
| Right click | 19 | |
| Select / deselect | 28 | |
| Use ability | 6 | |
72 total
» units
» buildings
| Orc Burrow | 2 | |
| Altar of Storms | 1 | |
| Barracks | 1 | |
| War Mill | 1 | |
| Voodoo Lounge | 1 | |
6 total
» build order
00:11 Orc Burrow
00:21 Altar of Storms
00:51 Barracks
01:47 War Mill
01:53 Orc Burrow
02:17 Voodoo Lounge
JamesPlato (
blue | 21 APM | 311 actions | 15:01)
3 Priestess of the Moon
2 Trueshot Aura
1 Searing Arrows
» actions
| Build / train | 38 | |
| Enter build submenu | 15 | |
| Enter hero's abilities submenu | 3 | |
| Remove unit from queue | 2 | |
| Right click | 109 | |
| Select / deselect | 123 | |
| Use ability | 21 | |
311 total
» units
| Wisp | 10 | |
| Archer | 8 | |
| Goblin Shredder | 1 | |
| Goblin Zeppelin | 1 | |
| Chimaera | 1 | |
| Hippogryph | 5 | |
26 total
» upgrades
| Strength of the Wild | 2 | |
| Reinforced Hides | 2 | |
4 total
» buildings
| Altar of Elders | 1 | |
| Moon Well | 6 | |
| Ancient of War | 1 | |
| Tree of Ages | 1 | |
| Tree of Eternity | 1 | |
| Ancient of Wind | 2 | |
| Tree of Life | 1 | |
| Chimaera Roost | 2 | |
| Hunter's Hall | 1 | |
| Ancient Protector | 1 | |
17 total
» build order
00:24 Altar of Elders
00:38 Moon Well
01:11 Ancient of War
01:37 Moon Well
02:36 Tree of Ages
02:42 Moon Well
05:04 Tree of Eternity
05:10 Ancient of Wind
05:22 Moon Well
08:40 Tree of Life
08:52 Chimaera Roost
08:55 Chimaera Roost
09:01 Hunter's Hall
11:03 Moon Well
11:20 Ancient Protector
12:08 Ancient of Wind
13:37 Moon Well
Chat log
(00:25 / Allies) sexshopboys: why did you leave red ?
(00:32 / Allies) bannedfromwc3: he was trying to get same game as me
(00:33 / All) juntakk: yo gl hf
(00:39 / Allies) sexshopboys: that is gay
(00:48 / Allies) bannedfromwc3: maybe if your stats werent shit
(00:50 / Allies) bannedfromwc3: you wouldnt match level 1s
(00:57 / Allies) bannedfromwc3: quit smoking weed
(00:59 / Allies) bannedfromwc3: clear your brain out
(01:00 / Allies) bannedfromwc3: of the toxins
(01:03 / Allies) sexshopboys: lol
(02:04 / Allies) JamesPlato: units?
(04:12 / Allies) bannedfromwc3: 1300 gold and yo0u whine about leavers?
(04:16 / Allies) bannedfromwc3: learn to play mucus sucker
(08:10 / Allies) JamesPlato: units?
(08:16 / Allies) bannedfromwc3: pothead crybaby isnt playing
(08:22 / Allies) bannedfromwc3: i gave him a bad trip
(09:21 / Allies) bannedfromwc3: nice 2v4 we got going here
(11:31 / Allies) bannedfromwc3: meet
(11:46 / Allies) bannedfromwc3: met
(12:08 / Allies) bannedfromwc3: lets hit their bottom base
(13:17 / Allies) bannedfromwc3: finish him
(13:17 / All) juntakk: gg
(13:28 / All) bannedfromwc3: 2v4
(13:38 / Allies) bannedfromwc3: stay with us noobass
(13:52 / Allies) bannedfromwc3: you stink plato
(13:54 / Allies) bannedfromwc3: you are dumb
(13:56 / Allies) bannedfromwc3: horrible
(14:42 / Allies) JamesPlato: gg
(14:48 / Allies) bannedfromwc3: look at this burnout moron
(14:55 / Allies) bannedfromwc3: dont do drugs, kids